 Dungeon Crawl Stone Soup version 0.29-a0-219-g0a02b1cf4f (webtiles) character file.

Game seed: 11813607088500810589

74 sammy202020 the Skirmisher (level 4, -1/35 HPs)
             Began as a Demonspawn Berserker on Feb 26, 2022.
             Was a Believer of Trog.
             Slain by Natasha (7 damage)
             ... on level 3 of the Dungeon.
             The game lasted 00:04:42 (2222 turns).

sammy202020 the Skirmisher (Demonspawn Berserker)   Turns: 2222, Time: 00:04:43

Health: -1/35      AC:  6    Str: 19    XL:     4   Next: 9%
Magic:  4/4        EV: 12    Int:  8    God:    Trog [**....]
Gold:   150        SH:  0    Dex: 13    Spells: 3/3 levels left

rFire   . . .      SeeInvis .   a - +0 mace
rCold   . . .      Faith    .   (no shield)
rNeg    . . .      Spirit   .   n - +0 steam dragon scales
rPois   .          Reflect  .   q - +0 helmet
rElec   .          Harm     .   (no cloak)
rCorr   .          Rampage  .   (no gloves)
Will    .....                   (no boots)
Stlth   +.........              (no amulet)
HPRegen 0.11/turn               (no ring)
MPRegen 0.09/turn               (no ring)

@: no status effects
A: hooves 2
a: Renounce Religion, Berserk, Trog's Hand


You were on level 3 of the Dungeon.
You worshipped Trog.
Trog was pleased with you.
You visited 1 branch of the dungeon, and saw 3 of its levels.

You collected 150 gold pieces.

Inventory:

Hand Weapons
 a - a +0 mace (weapon)
Armour
 n - +0 steam dragon scales (worn)
 q - a +0 helmet (worn)
Jewellery
 r - a ring of ice
Scrolls
 b - a scroll of enchant armour {unknown}
 d - 3 scrolls of identify {unknown}
 e - a scroll of magic mapping {unknown}
 g - a scroll of enchant weapon {unknown}
 h - 4 scrolls of vulnerability {unknown}
 i - a scroll of fear {unknown}
 j - 2 scrolls of blinking {unknown}
 k - a scroll of brand weapon {unknown}
 m - a scroll of noise {unknown}
Potions
 c - 3 potions of mutation {unknown}
 f - a potion of brilliance {unknown}
 l - a potion of might {unknown}
 o - a potion of lignification {unknown}
 p - a potion of attraction {unknown}


   Skills:
 + Level 3.5 Fighting
 + Level 3.2 Maces & Flails
 + Level 2.5 Armour
 + Level 2.5 Dodging


You had 3 spell levels left.
You didn't know any spells.
Your spell library was empty.

Dungeon Overview and Level Annotations

Branches:
Dungeon (3/15)

Altars:

Annotations:
D:3 Natasha


Innate Abilities, Weirdness & Mutations

You have hoof-like feet.


Message History

The endoplasm is almost dead.
The endoplasm hits you but does no damage.
You sock the endoplasm!
You kill the endoplasm!
Trog accepts your kill.
No target in view!
j - 2 scrolls labelled ONEDEE NUCKE (gained 1)
Found a book of Geomancy.
A dart slug comes into view.
The dart slug launches a dart at you. The slug dart hits you.
You see here a +0 ring mail.
You hit the dart slug. You kick the dart slug.
The dart slug is lightly wounded.
The dart slug launches a dart at you. The slug dart misses you.
You hit the dart slug. You kick the dart slug.
The dart slug is almost dead.
The dart slug closely misses you.
You thump the dart slug!
You kill the dart slug!
Trog accepts your kill.
Natasha, Servant of Life and Death comes into view.
She is carrying a wand of flame (22).
Natasha stares at you and mumbles some strange words.
You resist with some effort.
Natasha stares at you and mumbles some strange words.
The magic dart hits you but does no damage.
You see here 9 gold pieces.
Natasha mewls in sadness.
Natasha zaps a wand.
The puff of flame hits you!
Natasha zaps a wand.
The puff of flame hits you!
Natasha zaps a wand.
The puff of flame hits you!
* * * LOW HITPOINT WARNING * * *
You hit Natasha. Your kick misses Natasha.
Natasha is moderately wounded.
Natasha barely misses you.
You hit Natasha but do no damage. You kick Natasha, but do no damage.
Natasha is moderately wounded.
Natasha claws you!
You die...

.........#..#####.####
.##.###.....##.......#
.##.# #..#.[.....:...# #
....###.....#........#..
....#...........$.......
.....................#.#
........................
....#...................
................@.......
................h.......
..............##.#......
..............#.........
(...########..#..#......
....# .............
....# .......?......
....# #########......
...## #


You could see Natasha.

Vanquished Creatures
  Robin (D:3)
  2 dart slugs (D:3)
  2 ball pythons (D:1)
  6 bats
  3 endoplasms
  19 goblins
  3 hobgoblins
  3 kobolds
  7 quokkas
  A frilled lizard (D:3)
  3 rats
50 creatures vanquished.

Notes
Turn   | Place    | Note
-------+----------+-------------------------------------------
     0 | D:1      | sammy202020 the Demonspawn Berserker began the quest for
                  | the Orb.
     0 | D:1      | Reached XP level 1. HP: 18/18 MP: 1/1
   340 | D:1      | Gained mutation: You have large cloven feet. [demonic
                  | ancestry]
   340 | D:1      | Reached XP level 2. HP: 20/24 MP: 2/2
  1291 | D:2      | Gained mutation: You have hoof-like feet. [demonic
                  | ancestry]
  1291 | D:2      | Reached XP level 3. HP: 29/29 MP: 3/3
  1787 | D:3      | Reached ** piety under Trog
  1830 | D:3      | Noticed Robin
  1900 | D:3      | Killed Robin
  1905 | D:3      | Reached XP level 4. HP: 8/35 MP: 4/4
  2214 | D:3      | Noticed Natasha
  2222 | D:3      | Slain by Natasha

Illustrated notes

Levels and vault maps discovered:
D:1:      mrwooster_arrival_statue, layout_loops_ring
D:2:      layout_loops_ring
D:3:      layout_rooms, nicolae_overflow_hidden_temple, uniq_robin,
          uniq_crazy_yiuf_cottage, uniq_natasha

Skill      XL: |  1  2 |
---------------+-------+-----
Armour         | 2 |  2.5
Dodging        | 2 |  2.5
Maces & Flails | 3 |  3.2
Fighting       | |  3.5

Action                   |  1- 3 |  4- 6 || total
-------------------------+-------+-------++-------
Melee: Mace              |   103 |     9 ||   112
       Kick              |    17 |     3 ||    20
Invok: Berserk           |     1 |       ||     1
       Trog's Hand       |     1 |       ||     1
 Stab: Sleeping          |     1 |       ||     1
Armor: Ring mail         |    23 |       ||    23
       Steam dragon scal |    26 |     3 ||    29
Dodge: Dodged            |    86 |     3 ||    89

Table legend: (Time is in decaauts)
 A = Elapsed time spent in this place.
 B = Non-inter-level travel time spent in this place.
 C = Inter-level travel time spent in this place.
 D = Time resting spent in this place.
 E = Time spent auto-exploring this place.
 F = Levels seen in this place.
 G = Mean time per level.
                   A        B        C        D        E       F      G
               +--------+--------+--------+--------+--------+-----+--------+
         Total |   2256 |   2192 |     64 |      0 |   1764 |   3 |  752.0 |
       Dungeon |   2256 |   2192 |     64 |      0 |   1764 |   3 |  752.0 |
               +--------+--------+--------+--------+--------+-----+--------+

Top non-repeatable levels by time:
     D:1: 1040 daAuts
     D:2: 713 daAuts
     D:3: 502 daAuts
